 Dungeon Crawl Stone Soup version 0.27.0-1-g7a089689b8 (webtiles) character file.

Game seed: 7246997494809941317

62 mainiacjoe the Cudgeller (level 3, -1/31 HPs)
             Began as a Palentonga Fighter on Aug 12, 2021.
             Slain by a goblin (3 damage)
             ... on level 3 of the Dungeon.
             The game lasted 00:03:45 (2032 turns).

mainiacjoe the Cudgeller (Palentonga Fighter)       Turns: 2032, Time: 00:03:46

Health: -1/31      AC:  7    Str: 20    XL:     3   Next: 85%
Magic:  3/3        EV:  6    Int:  8    God:
Gold:   100        SH: 13    Dex:  9    Spells: 2/2 levels left

rFire    . . .     SeeInvis +   a - +0 flail
rCold    . . .     Faith    .   c - +0 kite shield
rNeg     . . .     Spirit   .   m - +0 ring mail
rPois    .         Reflect  +   (no helmet)
rElec    .         Harm     .   (no cloak)
rCorr    +         Rampage  .   p - +0 pair of gloves
Will     .....                  (no barding)
Stlth    ..........             k - amulet of reflection
HPRegen  0.10/turn              j - ring of resist corrosion
MPRegen  0.08/turn              (no ring)

@: no status effects
A: large, rugged brown scales 3, see invisible, deformed body, roll 1, armoured
tail
a: Rolling Charge


You were on level 3 of the Dungeon.
You visited 1 branch of the dungeon, and saw 3 of its levels.

You collected 100 gold pieces.

Inventory:

Hand Weapons
 a - a +0 flail (weapon)
Missiles
 e - 122 stones
 f - 13 poisoned darts
 g - 30 arrows
Armour
 b - a +0 scale mail
 c - a +0 kite shield (worn)
 m - a +0 ring mail (worn)
 p - a +0 pair of gloves (worn)
Jewellery
 j - a ring of resist corrosion (left hand)
 k - an amulet of reflection (around neck)
 q - a ring of fire
Scrolls
 h - a scroll of teleportation {unknown}
 i - a scroll of amnesia {unknown}
 l - a scroll of fear {unknown}
 n - a scroll of blinking {unknown}
 o - a scroll of enchant armour {unknown}
 r - a scroll of holy word {unknown}
Potions
 d - a potion of might


   Skills:
 - Level 3.0 Fighting
 + Level 4.2 Maces & Flails
 - Level 2.4 Armour
 - Level 2.4 Shields


You had 2 spell levels left.
You didn't know any spells.
Your spell library was empty.

Dungeon Overview and Level Annotations

Branches:
Dungeon (3/15)

Altars:


Innate Abilities, Weirdness & Mutations

You are completely covered in rugged brown scales. (AC +3, +7% HP)
You have supernaturally acute eyesight. (SInv)
Armour fits poorly on your strangely shaped body.
You can roll at nearby foes to attack.
You have a long armoured tail.


Message History

You are too injured to fight recklessly!
You are too injured to fight recklessly!
Unknown command.
You miss Ijyb.
Ijyb is heavily wounded.
You block Ijyb's attack. The orc hits you but does no damage.
Ijyb hits you but does no damage.
You thump Ijyb!
Ijyb is severely wounded.
The orc barely misses you. You block Ijyb's attack. You block the orc's attack.
The goblin closely misses you.
You closely miss Ijyb.
Ijyb is severely wounded.
Ijyb hits you but does no damage. You block the goblin's attack.
You block Ijyb's attack.
You completely miss Ijyb.
Ijyb is severely wounded.
You block the orc's attack. The orc hits you but does no damage.
The goblin hits you but does no damage. Ijyb hits you with a +0 club.
The orc hits you but does no damage. x2
You hit Ijyb.
Ijyb is severely wounded.
The goblin hits you but does no damage. You block Ijyb's attack.
The orc hits you with a +0 dagger. The orc hits you with a +3 whip.
* * * LOW HITPOINT WARNING * * *
The goblin hits you with a +0 dagger.
* * * LOW HITPOINT WARNING * * *
You barely miss Ijyb.
Ijyb is severely wounded.
You block Ijyb's attack. You block the orc's attack. x2
The goblin hits you but does no damage. Ijyb closely misses you.
The orc hits you but does no damage.
You hit Ijyb.
You kill Ijyb!
A giant cockroach comes into view.
You block the orc's attack. The goblin barely misses you.
You block the orc's attack. The orc hits you with a +3 whip.
* * * LOW HITPOINT WARNING * * *
The orc barely misses you. The goblin hits you with a +0 dagger.
You die...

#.............#
#..##...†..##.#
#..###....###.#
#...###..###..#
#....######...# #.....#
#....# #########.....#
#....#
......go.....######...#
......o@##..###..###..#
#####.#o##.###....###.##
# #o#..##......##..#
..o..............#
#.####.#####..##.# #.#
#.......<.... #B.
############# ...


You could see an orc wizard (invisible), 4 orcs, a giant cockroach (wandering)
and a goblin.

Vanquished Creatures
  Ijyb (D:3)
  An adder (D:2)
  A dart slug (D:1)
  4 bats
  5 endoplasms
  4 giant cockroaches
  6 goblins
  4 hobgoblins
  2 quokkas (D:1)
  6 ball pythons
  6 frilled lizards
  4 kobolds (D:1)
  3 rats
47 creatures vanquished.

Vanquished Creatures (others)
  6 plants (D:2)
6 creatures vanquished.

Grand Total: 53 creatures vanquished

Notes
Turn   | Place    | Note
-------+----------+-------------------------------------------
     0 | D:1      | mainiacjoe the Palentonga Fighter began the quest for the
                  | Orb.
     0 | D:1      | Reached XP level 1. HP: 19/19 MP: 1/1
     2 | D:1      | Noticed a felid
     2 | D:1      | Noticed a troll
     4 | D:1      | Noticed an ogre
     4 | D:1      | Noticed a barachi
     6 | D:1      | Noticed a tengu
     8 | D:1      | Noticed a vampire
     8 | D:1      | Noticed a naga
    10 | D:1      | Noticed an octopode
    10 | D:1      | Noticed an elf
    12 | D:1      | Noticed a human
    14 | D:1      | Noticed a formicid
    14 | D:1      | Noticed a demonspawn
    16 | D:1      | Noticed a gargoyle
    18 | D:1      | Noticed a spriggan
    18 | D:1      | Noticed a djinni
    20 | D:1      | Noticed a merfolk
    20 | D:1      | Noticed a palentonga
    22 | D:1      | Noticed a draconian
    22 | D:1      | Noticed a vine stalker
    24 | D:1      | Noticed a minotaur
    24 | D:1      | Noticed a demigod
    26 | D:1      | Noticed a ghoul
    26 | D:1      | Noticed a dwarf
   154 | D:1      | Reached XP level 2. HP: 25/25 MP: 2/2
   199 | D:1      | Reached skill level 3 in Maces & Flails
   748 | D:1      | Found a faded altar of an unknown god.
  1157 | D:2      | Reached XP level 3. HP: 31/31 MP: 3/3
  1670 | D:2      | Reached skill level 4 in Maces & Flails
  2017 | D:3      | Noticed Ijyb
  2032 | D:3      | Killed Ijyb
  2032 | D:3      | Slain by a goblin

Illustrated notes

Levels and vault maps discovered:
D:1:      kb_arrival_jail, layout_basic, hellmonk_ecumenical_altar_inner_sanctum
D:2:      layout_basic, serial_bayou_ford_a, minmay_tall_x
D:3:      layout_loops_ring, chequers_serial_rivers_micro_e, minivault_19,
          uniq_ijyb, uniq_grinder

Skill      XL: |  1  2  3 |
---------------+----------+-----
Maces & Flails | 3 4 |  4.2
Fighting       | |  3.0
Armour         | |  2.4
Shields        | |  2.4

Action                   || total
-------------------------++-------
Melee: Flail             ||   163
       Tailslap          ||    15
 Abil: Rolling Charge    ||    38
  Use: Potion            ||     1
Armor: Scale mail        ||    37
       Ring mail         ||    54
Dodge: Dodged            ||    31
Block: Kite shield       ||   111
